 Dungeon Crawl Stone Soup version 0.17-a0-1479-g4041c36 (webtiles) character file.

51 pulse the Chopper (level 4, -5/35 HPs)
             Began as a Formicid Berserker on July 3, 2015.
             Was a Believer of Trog.
             Killed by divine providence
             ... invoked by an orc priest
              (8 damage)
             ... on level 3 of the Dungeon.
             The game lasted 00:03:30 (1874 turns).

pulse the Chopper (Formicid Berserker)              Turns: 1874, Time: 00:03:32

Health: -5/35      AC:  8    Str: 23    XL:     4   Next: 7%
Magic:  4/4        EV: 10    Int:  6    God:    Trog [**....]
Gold:   104        SH:  0    Dex: 10    Spells: 0 memorised, 3 levels left

rFire  . . .     SeeInvis +     a - +0 hand axe
rCold  . . .     Clarity  .     h - +0 scale mail (curse)
rNeg   . . .     SustAt   .     (no shield)
rPois  .         Gourm    +     (helmet unavailable)
rElec  .         Spirit   .     (no cloak)
rCorr  .         Warding  .     (no gloves)
rMut   .         Stasis   +     (no boots)
MR     .....                    d - amulet of the gourmand
Stlth  ..........               (no ring)
                                n - +2 ring of protection

@: lethally poisoned (-5 -> -13), not resistant to hostile enchantments,
extremely unstealthy
A: permanent stasis, dig shafts and tunnels, four strong arms, antennae 3
a: Dig, Shaft Self, Burn Spellbooks, Trog's Hand, Renounce Religion


You were on level 3 of the Dungeon.
You worshipped Trog.
Trog was pleased with you.
You were full.

You visited 1 branch of the dungeon, and saw 3 of its levels.

You collected 104 gold pieces.

Inventory:

Hand weapons
 a - a +0 hand axe (weapon)
Armour
 h - a cursed +0 scale mail (worn)
Jewellery
 d - an amulet of the gourmand (around neck)
 n - a +2 ring of protection (left hand)
Magical devices
 l - a wand of random effects (34)
Scrolls
 e - a scroll of fog
 i - a scroll of enchant armour {unknown}
 j - 2 scrolls of teleportation {unknown}
 m - a scroll of random uselessness {unknown}
Comestibles
 c - a bread ration
 f - a meat ration


   Skills:
 - Level 3.2 Fighting
 * Level 4.6 Axes
 - Level 2.1 Armour
 - Level 1.7 Dodging


You had 3 spell levels left.
You didn't know any spells.

Dungeon Overview and Level Annotations

Branches:
Dungeon (3/15)

Altars:
Cheibriados
Nemelex Xobeh


Innate Abilities, Weirdness & Mutations

You are under a permanent stasis effect.
You can dig through walls and to a lower floor.
Your four strong arms can wield two-handed weapons with a shield.
You have a pair of large antennae on your head (SInv).


Message History

You hit the orc priest.
The orc priest is severely wounded.
* * * LOW HITPOINT WARNING * * *
You feel sick.
The orc priest hits you with a falchion.
* * * LOW HITPOINT WARNING * * *
You closely miss the orc priest.
The orc priest is severely wounded.
* * * LOW HITPOINT WARNING * * *
You feel sick.
The orc priest hits you with a falchion.
* * * LOW HITPOINT WARNING * * *
You hit the orc priest.
The orc priest is almost dead.
You hit the orc but do no damage.
* * * LOW HITPOINT WARNING * * *
You feel sick. The orc barely misses you.
The orc priest mumbles some strange prayers to Beogh against you.
Something smites you!
You die...

#.# #.# #.# #.# #.#
####(########
#............
#...<......#
#...@......#
#...oo.....# ###
#.........># #..
#(.........# ##.#
##.......#########..#
#................>#.
##.......### ###...
##..#.....# ###....{
##..###..#.##
#....(#o


You could see an orc priest and an orc.

Vanquished Creatures
  2 worms (D:2)
  2 giant geckos
  3 orcs (D:2)
  A ball python (D:3)
  4 bats
  3 giant cockroaches
  5 hobgoblins
  3 jackals (D:1)
  A giant newt (D:1)
  3 goblins
  7 kobolds
  6 rats
40 creatures vanquished.

Notes
Turn   | Place    | Note
--------------------------------------------------------------
     0 | D:1      | pulse the Formicid Berserker began the quest for the Orb.
     0 | D:1      | Reached XP level 1. HP: 18/18 MP: 1/1
   295 | D:1      | Reached XP level 2. HP: 17/24 MP: 2/2
   650 | D:1      | Found a snail-covered altar of Cheibriados.
   766 | D:1      | Reached skill level 4 in Axes
   766 | D:1      | Reached XP level 3. HP: 26/29 MP: 3/3
   806 | D:2      | Acquired Trog's second power
   813 | D:2      | Found a faded altar to an unknown god.
  1369 | D:3      | Found a sparkling altar of Nemelex Xobeh.
  1653 | D:2      | Reached XP level 4. HP: 35/35 MP: 4/4
  1874 | D:3      | Killed from afar by an orc priest

Vault maps used:
D:1:      erik_arrival_blinker_ship, grunt_decor_resistance, cheibriados_altar_1
D:2:      ecumenical_altar_1, st_stairs_13
D:3:      first_bread, nemelex_diamond_rough_becter

Action                   |  1- 3 |  4- 6 || total
-------------------------+-------+-------++-------
Melee: Hand axe          |   133 |    17 ||   150
  Use: Scroll            |     2 |       ||     2
       Potion            |       |     2 ||     2
  Eat: Chunk             |    10 |       ||    10
